Map: [ESL] Royal Blood

Players

RagnaroK (SHIN) - Winner!

  • Race: Zerg Zerg

Dark

  • Race: Zerg Zerg

Event: IEM Katowice 2023

VOD

Have the link to the VOD?

Description

Time

  • Played on: Feb. 10, 2023, 7:58 a.m.
  • Length: 12:23

All games in this series

Show
View Real Time Build Order
Export as new Build Order

RagnaroK Zerg - Winner!

Build Orders: Hatch First 

Get SALT Encoding   

  12  0:00  Drone  
  13  0:08  Drone  
  14  0:16  Overlord  
  14  0:35  Drone x2  
  16  0:47  Hatchery  
  15  0:51  Drone  
  15  0:54  Drone  
  17  0:57  Drone  
  18  1:08  Extractor  
  17  1:12  Spawning Pool  
  17  1:15  Drone  
  17  1:19  Drone  
  18  1:29  Drone  
  19  1:40  Drone  
  20  1:52  Drone  
  21  1:59  Queen x2  
  21  2:00  Drone  
  26  2:01  Zergling x2  
  27  2:10  Overlord  
  27  2:11  Metabolic Boost, Drone  
  28  2:28  Drone x2  
  30  2:31  Drone  
  30  2:33  Drone  
  32  2:38  Hatchery  
  32  2:44  Drone  
  32  2:49  Baneling Nest  
  31  2:53  Drone x2  
  31  2:57  Overlord  
  32  3:03  Zergling x2  
  33  3:07  Zergling x2  
  33  3:12  Drone  
  35  3:13  Overlord  
  35  3:15  Drone  
  35  3:16  Drone x3  
  39  3:20  Queen  
  39  3:23  Zergling x2  
  39  3:25  Overlord  
  42  3:34  Drone x2  
  44  3:37  Evolution Chamber  
  44  3:38  Baneling  
  43  3:44  Drone  
  43  3:45  Drone  
  45  3:49  Drone  
  45  3:54  Drone x3  
  49  3:58  Roach Warren  
  49  3:59  Drone x2  
  49  4:02  Zerg Ground Armor Level 1  
  49  4:04  Zergling x2  
  49  4:06  Drone  
  49  4:07  Zergling x2  
  52  4:14  Overlord  
  52  4:16  Drone  
  53  4:19  Drone  
  53  4:21  Extractor x2, Zergling x6  
  53  4:23  Overlord  
  55  4:28  Overlord  
  55  4:31  Overlord  
  55  4:32  Drone  
  55  4:36  Drone x2  
  58  4:41  Overlord  
  58  4:47  Roach x5  
  58  4:52  Roach x3  
  73  4:54  Roach  
  73  4:57  Overlord  
  75  5:02  Roach x2  
  79  5:11  Roach x3  
  79  5:13  Overlord  
  83  5:14  Zergling x6  
  83  5:18  Zergling x2  
  83  5:21  Zergling x8  
  90  5:24  Zergling x2  
  90  5:27  Zergling x2  
  92  5:31  Overlord  
  92  5:33  Zergling x2  
  93  5:39  Baneling x6  
  93  5:40  Zergling x2  
  94  5:42  Baneling  
  94  5:44  Baneling x3  
  94  5:46  Zergling x4  
  94  5:49  Zergling x6  
  99  5:56  Zergling x14  
  93  5:57  Zergling x2  
  93  6:00  Zergling x2  
  93  6:02  Zerg Missile Weapons Level 1  
  85  6:04  Zergling x2  
  85  6:08  Zergling x2  
  83  6:11  Lair  
  83  6:12  Drone  
  83  6:13  Drone  
  83  6:16  Drone  
  83  6:17  Drone x2  
  85  6:19  Drone  
  85  6:23  Drone  
  88  6:25  Drone  
  88  6:30  Drone  
  89  6:33  Drone  
  89  6:39  Roach x6  
  102  6:41  Overlord  
  102  6:48  Roach, Spine Crawler  
  102  6:50  Roach  
  102  6:52  Overlord  
  107  6:54  Roach x3  
  107  6:58  Roach  
  107  7:01  Roach  
  115  7:06  Roach x4  
  118  7:10  Roach x2  
  118  7:14  Roach  
  119  7:21  Zergling x8  
  120  7:24  Zergling x6  
  120  7:26  Zergling x2  
  120  7:29  Zergling x2  
  124  7:32  Zergling x2  
  124  7:34  Zergling x6  
  124  7:35  Zergling x2  
  129  7:38  Zergling x6  
  129  7:41  Zergling x2  
  133  7:44  Zergling x2  
  133  7:47  Baneling x6  
  133  7:51  Zergling x8  
  138  7:53  Zergling x2  
  138  7:56  Zergling x2  
  140  8:01  Zergling x2  
  140  8:03  Zergling x4  
  127  8:07  Zergling x4  
  127  8:09  Zergling x2  
  127  8:11  Zergling x2  
  114  8:15  Zergling x2  
  114  8:18  Zerg Missile Weapons Level 2  
  114  8:19  Zergling x2  
  115  8:20  Zergling x6  
  115  8:22  Zergling x2  
  115  8:24  Glial Reconstitution  
  108  8:27  Zergling x2  
  108  8:31  Zergling x2  
  108  8:32  Zergling x2  
  103  8:37  Zergling x2  
  103  8:40  Roach  
  105  8:43  Roach  
  105  8:45  Roach x3  
  115  8:48  Roach  
  115  8:52  Roach  
  115  8:53  Drone x6  
  118  8:57  Roach  
  118  9:01  Extractor  
  112  9:04  Roach x2  
  112  9:07  Roach  
  115  9:12  Roach  
  115  9:15  Roach  
  108  9:18  Roach  
  108  9:21  Drone x4  
  108  9:22  Roach  
  108  9:23  Overlord, Extractor  
  117  9:24  Roach  
  117  9:27  Extractor, Roach  
  117  9:30  Roach  
  112  9:31  Roach  
  112  9:35  Roach  
  112  9:36  Roach  
  106  9:39  Roach  
  106  9:42  Hatchery  
  106  9:43  Roach x2  
  111  9:46  Roach  
  111  9:47  Roach  
  111  9:49  Overlord  
  111  9:51  Roach  
  111  9:52  Roach  
  119  9:55  Roach  
  119  9:56  Roach x2, Zergling x4  
  127  10:06  Hydralisk Den  
  126  10:07  Zergling x8  
  126  10:12  Zergling x8  
  134  10:19  Zergling x12  
  140  10:23  Zergling x4  
  130  10:29  Roach x2  
  130  10:32  Roach  
  132  10:37  Hydralisk, Grooved Spines  
  132  10:40  Hydralisk x2  
  138  10:44  Hydralisk x2  
  142  10:51  Hydralisk x2  
  146  10:57  Hydralisk x2  
  146  11:03  Hydralisk, Spore Crawler  
  151  11:05  Overlord  
  151  11:07  Overlord  
  151  11:10  Overlord  
  151  11:12  Overlord  
  151  11:15  Overlord  
  149  11:22  Overlord  
  149  11:23  Overlord, Hydralisk  
  147  11:27  Roach  
  147  11:31  Roach x2  
  144  11:34  Ravager x2  
  144  11:35  Roach  
  144  11:36  Roach  
  144  11:39  Roach  
  148  11:43  Roach x2  
  152  11:47  Roach x2  
  156  11:55  Roach x2  
  156  11:59  Roach x2  
  164  12:02  Roach x2  
Show
View Real Time Build Order
Export as new Build Order

Dark Zerg 

Build Orders: Hatch First 

Get SALT Encoding   

  12  0:00  Drone  
  13  0:11  Overlord  
  13  0:16  Drone  
  14  0:30  Drone x2  
  16  0:47  Hatchery  
  15  0:51  Drone  
  15  0:54  Drone  
  17  0:57  Drone  
  18  1:07  Extractor  
  17  1:12  Spawning Pool  
  17  1:15  Drone  
  17  1:18  Drone  
  18  1:27  Drone  
  19  1:38  Drone  
  20  1:49  Drone  
  21  1:59  Queen x2  
  21  2:01  Drone x2  
  27  2:09  Metabolic Boost  
  27  2:10  Overlord  
  27  2:11  Drone  
  28  2:29  Drone x2  
  30  2:31  Zergling x2  
  30  2:32  Drone  
  32  2:38  Hatchery  
  32  2:43  Queen  
  33  2:52  Baneling Nest  
  33  2:55  Overlord  
  33  2:56  Drone  
  33  3:00  Drone  
  33  3:02  Zergling x2  
  35  3:10  Overlord  
  35  3:15  Drone  
  36  3:22  Overlord  
  36  3:29  Drone  
  36  3:30  Drone x4  
  36  3:32  Overlord  
  40  3:35  Baneling  
  40  3:39  Zergling x6  
  40  3:41  Zergling x2  
  44  3:44  Baneling  
  44  3:45  Drone, Evolution Chamber  
  44  3:51  Drone x3  
  47  3:57  Zergling x4  
  47  4:00  Drone x2  
  47  4:02  Drone  
  52  4:10  Zerg Missile Weapons Level 1  
  52  4:11  Drone, Roach Warren  
  52  4:15  Drone  
  52  4:16  Drone x3  
  55  4:18  Drone  
  55  4:19  Drone  
  55  4:22  Drone x2  
  59  4:25  Drone x2  
  59  4:30  Overlord  
  61  4:33  Drone  
  61  4:35  Extractor x2  
  61  4:38  Baneling, Zergling x2  
  60  4:39  Zergling x6  
  60  4:42  Zergling x2  
  60  4:45  Lair  
  65  4:50  Zergling x10  
  70  4:53  Drone  
  70  4:57  Drone x2  
  73  5:00  Baneling  
  73  5:03  Overlord  
  73  5:04  Overlord  
  73  5:06  Overlord  
  73  5:09  Drone  
  73  5:15  Overlord  
  73  5:18  Roach  
  73  5:20  Overlord, Roach  
  73  5:22  Spine Crawler  
  73  5:23  Roach x3, Spine Crawler  
  73  5:26  Roach, Spine Crawler  
  78  5:28  Roach  
  78  5:30  Roach  
  78  5:32  Roach  
  78  5:35  Baneling  
  84  5:36  Zergling x6  
  87  5:42  Baneling  
  87  5:43  Baneling, Roach  
  87  5:46  Roach  
  90  5:50  Roach  
  90  5:53  Zergling x12  
  90  5:54  Zergling x4  
  91  5:57  Roach  
  91  6:02  Roach  
  91  6:03  Roach  
  87  6:05  Roach  
  87  6:07  Roach  
  85  6:14  Roach  
  85  6:15  Roach  
  85  6:17  Roach  
  90  6:19  Drone x2, Roach  
  90  6:25  Overlord  
  94  6:27  Overlord  
  94  6:30  Drone x4  
  94  6:31  Glial Reconstitution  
  98  6:35  Extractor x2  
  98  6:36  Drone  
  98  6:37  Extractor  
  96  6:40  Drone  
  96  6:42  Drone  
  96  6:45  Drone x2  
  100  6:47  Drone x2  
  100  6:48  Drone  
  100  6:50  Drone  
  100  6:52  Drone x2  
  106  6:55  Overlord  
  106  6:56  Drone x2, Evolution Chamber  
  106  6:57  Drone  
  108  7:05  Roach x2  
  108  7:06  Evolution Chamber  
  108  7:07  Evolution Chamber  
  107  7:09  Roach x2  
  107  7:13  Roach  
  105  7:21  Roach x2  
  105  7:22  Roach  
  111  7:26  Roach x5  
  111  7:28  Roach  
  125  7:34  Roach x2  
  129  7:38  Roach  
  129  7:41  Roach  
  129  7:43  Overlord  
  133  7:44  Overlord  
  133  7:45  Overlord  
  133  7:51  Roach  
  133  7:52  Roach  
  137  8:01  Roach x2  
  137  8:02  Roach x2  
  137  8:04  Queen x2  
  135  8:05  Roach  
  135  8:09  Roach x2  
  111  8:13  Roach  
  111  8:16  Roach  
  111  8:18  Roach, Queen  
  109  8:22  Roach  
  109  8:23  Roach  
  109  8:25  Roach  
  93  8:33  Roach  
  84  8:36  Roach  
  84  8:37  Roach  
  80  8:44  Roach  
  80  8:47  Roach  
  80  8:48  Roach  
  84  8:56  Spire  
  84  9:00  Roach x2  
  85  9:06  Roach  
  85  9:08  Roach  
  89  9:11  Zerg Missile Weapons Level 2  
  93  9:17  Roach x3  
  93  9:19  Roach  
  93  9:21  Roach  
  93  9:33  Roach x3  
  93  9:37  Roach  
  99  9:56  Hatchery  
  98  10:07  Mutalisk x4  
  98  10:11  Mutalisk  
  108  10:14  Ravager x2  
  110  10:26  Roach x3  
  104  10:31  Roach x2  
  104  10:34  Roach  
  108  10:36  Roach  
  110  10:45  Drone, Roach x2  
  110  10:47  Drone  
  116  10:50  Drone  
  116  10:51  Drone  
  116  10:55  Drone  
  119  10:57  Drone  
  119  11:00  Drone  
  121  11:07  Roach  
  121  11:09  Roach  
  125  11:17  Roach  
  123  11:20  Roach x2  
  123  11:22  Roach  
  119  11:26  Roach  
  119  11:32  Roach x2  
  120  11:33  Roach x2  
  123  11:40  Roach x2  
  123  11:43  Drone  
  123  11:46  Drone  
  125  11:48  Drone  
  125  11:50  Ravager x2  
  125  11:51  Ravager  
  125  11:52  Drone  
  130  11:55  Drone  
  130  12:00  Roach x2  
  135  12:03  Roach  

Tags
 
Add a new tag
Caveats
  • Supply blocks, unpowered buildings, or Contaminate may cause inaccurate times.
  • Supply counts are checked every 10 seconds.